 Dungeon Crawl Stone Soup version 0.18-a0-1027-g814d7dd (webtiles) character file.

102 glosham the Skirmisher (level 4, -1/40 HPs)
             Began as a Demigod Summoner on Jan 8, 2016.
             Slain by a hobgoblin
             ... wielding a +0 club
              (2 damage)
             ... on level 2 of the Dungeon.
             The game lasted 00:27:29 (4163 turns).

glosham the Skirmisher (Demigod Summoner)           Turns: 4163, Time: 00:27:30

Health: -1/40      AC:  2    Str: 11    XL:     4   Next: 26%
Magic:  4/9        EV: 12    Int: 21    God:
Gold:   118        SH:  0    Dex: 16    Spells: 2 memorised, 3 levels left

rFire  . . .     SeeInvis .     a - -1 hand axe (curse)
rCold  . . .     Gourm    .     e - +0 robe
rNeg   . . .     Faith    .     (no shield)
rPois  .         Spirit   .     (no helmet)
rElec  .         Dismiss  +     (no cloak)
rCorr  .         Reflect  .     (no gloves)
SustAt +         Harm     .     (no boots)
MR     .....                    z - amulet of dismissal
Stlth  ++........               (no ring)
                                (no ring)

@: lethally poisoned (-1 -> -5), not resistant to hostile enchantments,
unstealthy
A: high mp 1, sustain attributes
a: no special abilities


You were on level 2 of the Dungeon.
You were not hungry.

You visited 1 branch of the dungeon, and saw 3 of its levels.

You collected 118 gold pieces.

Inventory:

Hand Weapons
 a - a cursed -1 hand axe (weapon)
 f - a +0 hand axe
 q - a +0 hunting sling
Missiles
 g - 19 sling bullets
 h - 66 arrows
 j - 86 stones (quivered)
 k - 20 bolts
 n - a throwing net
 r - 19 poisoned needles
Armour
 e - a +0 robe (worn)
 l - a +1 chain mail of positive energy
 v - a cursed +0 scale mail
Jewellery
 p - an uncursed amulet of guardian spirit
 z - an amulet of dismissal (around neck)
Scrolls
 d - a scroll of magic mapping
 t - a scroll of identify
Potions
 i - a potion of heal wounds
 o - a potion of brilliance {unknown}
 s - 2 potions of curing {unknown}
Books
 b - a book of Callings

   Spells                             Type                      Level
   a - Summon Small Mammal            Summoning                    1
   b - Call Imp                       Summoning                    2
   c - Call Canine Familiar           Summoning                    3
   d - Summon Guardian Golem          Hexes/Summoning              3
   e - Summon Lightning Spire         Summoning/Air                4
   f - Summon Ice Beast               Ice/Summoning                4
Comestibles
 c - 2 bread rations
 m - a beef jerky
 u - 2 chunks of flesh


   Skills:
 * Level 3.8 Fighting
 - Level 1.7 Dodging
 - Level 1.7 Stealth
 - Level 1.7 Spellcasting
 - Level 3.6 Summonings


You had 3 spell levels left.
You knew the following spells:

 Your Spells              Type           Power        Failure   Level  Hunger
i - Call Imp              Summ           ###.....     6%          2    ###....
m - Summon Small Mammal   Summ           ###.         3%          1    #......


Dungeon Overview and Level Annotations

Branches:
Dungeon (3/15)

Annotations:
D:3 Erad1cat0r's ghost, amateur HEFi


Innate Abilities, Weirdness & Mutations

You have an increased reservoir of magic (+10% MP).
Your attributes are resistant to harm.


Message History

The adder poisons you!
The jackal bites your white imp but does no damage. x2
Your white imp closely misses the giant frog.
The jackal barely misses your white imp.
Your white imp gestures at the jackal.
The puff of frost hits the jackal.
The jackal dies!
The hobgoblin closely misses you. The giant frog closely misses you.
You barely miss the giant frog.
The giant frog is almost dead.
You hit the hobgoblin but do no damage.
The hobgoblin is lightly wounded.
You miss the adder.
You feel sick. The adder bites you.
The jackal bites your white imp but does no damage.
The giant frog closely misses you.
The jackal closely misses your white imp.
The adder barely misses you.
Your white imp barely misses the giant frog.
Your white imp gestures at the jackal.
The puff of frost hits the jackal.
The jackal bites your white imp but does no damage. x2
The hobgoblin hits you but does no damage.
The giant frog misses you.
The jackal barely misses your white imp.
You closely miss the giant frog.
The giant frog is almost dead.
You hit the hobgoblin.
The hobgoblin is severely wounded.
You miss the adder.
You feel sick.
The jackal barely misses your white imp.
The adder barely misses you. The giant frog hits you.
* * * LOW HITPOINT WARNING * * *
The jackal bites your white imp.
Your white imp hits the giant frog.
Your white imp freezes the giant frog.
The giant frog seems to slow down.
The giant frog dies!
You have reached level 4!
Your white imp closely misses the jackal.
The jackal bites your white imp but does no damage.
The hobgoblin hits you with a club.
You die...

.########.# ###...##. #.........#
######. ########### #. # #. #
#################. #
#..............##. #
##.##.##.##.###.##. ##
########.##.# #.#.. .####
######*##@##* #.##.###.#.. ....#
#....##8g†S8# #...........
###.####.#####..55.###.##.###.#..
##.......# #8.hhh.8#.....###.#..
....####.#####.....###...........
###.# #....##8...8# #.########..
# #.# ####.###.....###.# ##.
###.# #.....#_....._*#.# #. ....#
#.##.###.....#*#.# #.


You could see an adder, 3 jackals, a hobgoblin and 2 friendly white imps.

Vanquished Creatures
  2 orcs (D:3)
  13 bats
  2 giant cockroaches
  5 goblins
  8 hobgoblins
  9 jackals
  3 kobolds
  A quokka (D:2)
  A ball python (D:1)
  5 giant newts
  7 rats
56 creatures vanquished.

Vanquished Creatures (collateral kills)
  A giant frog (D:2)
  An adder (D:2)
  A jackal (D:2)
3 creatures vanquished.

Grand Total: 59 creatures vanquished

Notes
Turn   | Place    | Note
--------------------------------------------------------------
     0 | D:1      | glosham the Demigod Summoner began the quest for the Orb.
     0 | D:1      | Reached XP level 1. HP: 14/14 MP: 5/5
   310 | D:1      | Reached skill level 1 in Fighting
   662 | D:1      | Reached XP level 2. HP: 4/23 MP: 7/7
  1012 | D:1      | Reached skill level 2 in Fighting
  1023 | D:1      | HP: 2/24 [jackal (2)]
  1634 | D:1      | Learned a level 2 spell: Call Imp
  1976 | D:1      | Reached XP level 3. HP: 27/30 MP: 8/8
  2156 | D:2      | Found a bloodstained altar of Trog.
  2534 | D:2      | Found a burning altar of Makhleb.
  2535 | D:2      | Found a bloodstained altar of Trog.
  2548 | D:2      | Found a faded altar to an unknown god.
  2862 | D:2      | Reached skill level 3 in Fighting
  4112 | D:3      | Noticed a giant frog
  4154 | D:3      | Noticed Erad1cat0r's ghost (amateur HEFi)
  4163 | D:2      | HP: 1/31 [giant frog (6)]
  4163 | D:2      | Killed a giant frog
  4163 | D:2      | Reached XP level 4. HP: 1/40 MP: 4/9
  4163 | D:2      | Slain by a hobgoblin

Vault maps used:
D:1:      wheals_arrival_shading, bh_walls_and_bars
D:2:      nicolae_overflow_hidden_temple, ecumenical_altar_1,
          hangedman_decor_opposing, trog_three_pillars_becter
D:3:      lemuel_doored_altar, gammafunk_temple_overflow_pools, first_bread,
          okawaru_gym_becter

Action                   |  1- 3 |  4- 6 || total
-------------------------+-------+-------++-------
Melee: Unarmed           |    43 |       ||    43
       Club              |    94 |       ||    94
       Hand axe          |   157 |       ||   157
Throw: Stone             |     2 |       ||     2
 Cast: Summon Small Mamm |     3 |       ||     3
       Call Imp          |     4 |       ||     4
  Use: Scroll            |     5 |       ||     5
 Stab: Sleeping          |    10 |       ||    10
  Eat: Chunk             |    11 |       ||    11

Table legend:
 A = Turns spent in this place as a percentage of turns spent in the entire game.
 B = Non-inter-level travel turns spent in this place as a percentage of non-inter-level travel turns spent in the entire game.
 C = Inter-level travel turns spent in this place as a percentage of turns spent in this place.
 D = Turns resting spent in this place as a percentage of non-inter-level travel turns spent in this place.
 E = Turns spent auto-exploring this place as a percentage of non-inter-level travel turns spent in this place.
 F = Non-inter-level travel turns spent in this place divided by the number of levels of this place that you've seen.
                   A       B       C       D       E      F
               +-------+-------+-------+-------+-------+----------------------
         Total | 100.0 | 100.0 |   0.5 |   3.4 |   0.9 | 493.3
       Dungeon | 100.0 | 100.0 |   0.5 |   3.4 |   0.9 | 493.3
               +-------+-------+-------+-------+-------+----------------------

Table legend:
 A = Kills in this place as a percentage of kills in entire the game.
 B = Kills by you in this place as a percentage of kills by you in the entire game.
 C = Kills by friends in this place as a percentage of kills by friends in the entire game.
 D = Other kills in this place as a percentage of other kills in the entire game.
 E = Experience gained in this place as a percentage of experience gained in the entire game.
 F = Experience gained in this place divided by the number of levels of this place that you have seen.
                   A       B       C       D       E      F
               +-------+-------+-------+-------+-------+----------------------
         Total | 100.0 | 100.0 | 100.0 |  -nan | 100.0 |  49.0
       Dungeon | 100.0 | 100.0 | 100.0 |  -nan | 100.0 |  49.0
               +-------+-------+-------+-------+-------+----------------------

Vault maps used:
D:1:      wheals_arrival_shading, bh_walls_and_bars
D:2:      nicolae_overflow_hidden_temple, ecumenical_altar_1,
          hangedman_decor_opposing, trog_three_pillars_becter
D:3:      lemuel_doored_altar, gammafunk_temple_overflow_pools, first_bread,
          okawaru_gym_becter
